 Dungeon Crawl Stone Soup version 0.20.0-8-g6b59dc7 (webtiles) character file.

248602 grindst0ne the Tortoise (level 20, -3/134 HPs)
             Began as a Gargoyle Fighter on May 31, 2017.
             Was a High Priest of Okawaru.
             Killed from afar by a deep elf sorcerer (44 damage)
             ... with a bolt of acid
             ... on level 3 of the Elven Halls.
             The game lasted 03:24:18 (52171 turns).

grindst0ne the Tortoise (Gargoyle Fighter)         Turns: 52171, Time: 03:24:18

Health: -3/134     AC: 55    Str: 22    XL:     20   Next: 2%
Magic:  28/29      EV: 17    Int: 11    God:    Okawaru [*****.]
Gold:   1147       SH:  0    Dex: 17    Spells: 19/19 levels left

rFire    + + +     SeeInvis .   V - +10 bardiche of the Final Chapter {chop, *Rage +Rage rF+++ rC-}
rCold    + + .     Gourm    .   (shield currently unavailable)
rNeg     + + .     Faith    .   t - +9 scales of the Dragon King {rPois rF+ rC+ MR+}
rPois    ∞         Spirit   .   M - +2 hat
rElec    +         Reflect  .   d - +2 cloak
rCorr    .         Harm     .   u - +2 pair of gloves
MR       +++++     Clarity  +   j - +1 pair of boots {Stlth+}
Stlth    ..........             m - amulet of the Four Winds {rN+ MR+++ Clar}
Regen    0.0/turn               B - ring "Vaes Zyv" {rC++ Int-3 Slay+3}
MPRegen  0.3/turn               I - ring "Suyriaph" {MR+ Int+6 Dex+2}

@: heroism, corroded, flying
A: big wings, talons 1, repulsion field 1, iridescent scales 1, berserk 1,
deformed body, dopey 1, mutation resistance 1, negative energy resistance 1,
electricity resistance, inhibited regeneration, unbreathing, petrification
resistance, no potion heal 1, rot immunity, AC +15
}: 1/15 runes: gossamer
a: Stop Flying, Heroism, Finesse, Renounce Religion, Evoke Berserk Rage


You were on level 3 of the Elven Halls.
You worshipped Okawaru.
Okawaru was extremely pleased with you.
You were very hungry.

You visited 6 branches of the dungeon, and saw 31 of its levels.
You also visited: Bailey and Volcano.

You collected 3967 gold pieces.
You spent 2820 gold pieces at shops.

Inventory:

Hand Weapons
 Q - the +9 lajatang of Parts Unknown {protect, rElec rC- Dex+7 Stlth+}
   (Okawaru gifted it to you on level 1 of the Lair of Beasts)

   It protects the one who uses it against injury (+AC on strike).
   It affects your dexterity (+7).
   It makes you vulnerable to cold.
   It insulates you from electricity.
   It makes you more stealthy.
 V - the +10 bardiche of the Final Chapter (weapon) {chop, *Rage +Rage rF+++ rC-}
   (You took it off a deep elf demonologist on level 3 of the Elven Halls)

   It inflicts extra damage upon your enemies.
   It renders you almost immune to fire.
   It makes you vulnerable to cold.
   It lets you go berserk.
   It may make you go berserk in combat.
 X - the +8 lajatang of Okawaru's Envy {drain, rF+}
   (Okawaru gifted it to you on level 3 of the Lair of Beasts)

   A truly terrible weapon, it drains the life of those it strikes.
   It protects you from fire.
Missiles
 R - 3 throwing nets (quivered)
Armour
 d - a +2 cloak (worn)
 j - a +1 pair of boots of stealth (worn)
 t - the +9 scales of the Dragon King (worn) {rPois rF+ rC+ MR+}
   (You bought it in a shop on level 2 of the Orcish Mines)

   It protects you from fire.
   It protects you from cold.
   It protects you from poison.
   It affects your resistance to hostile enchantments.
 u - a +2 pair of gloves (worn)
 C - the +13 plate armour of Porch {Str+3}
   (Okawaru gifted it to you on level 1 of the Spider Nest)

   It affects your strength (+3).
 M - a +2 hat (worn)
Jewellery
 m - the amulet of the Four Winds (around neck) {rN+ MR+++ Clar}
   (You bought it in a shop on level 14 of the Dungeon)

   [amulet of nothing]

   It protects you from negative energy.
   It affects your resistance to hostile enchantments.
   It protects you against confusion.
 B - the ring "Vaes Zyv" (left hand) {rC++ Int-3 Slay+3}
   (You took it off a deep elf blademaster on level 3 of the Elven Halls)

   [ring of intelligence]

   It affects your intelligence (-3).
   It affects your accuracy and damage with ranged weapons and melee attacks
   (+3).
   It greatly protects you from cold.
 I - the ring "Suyriaph" (right hand) {MR+ Int+6 Dex+2}
   (You acquired it on level 4 of the Spider Nest)

   [ring of protection from magic]

   It affects your intelligence (+6).
   It affects your dexterity (+2).
   It affects your resistance to hostile enchantments.
Wands
 b - a wand of lightning (0/15)
 c - a wand of polymorph (8/24)
 e - a wand of paralysis (11/24)
 n - a wand of confusion (33/48)
 p - a wand of disintegration (14/24)
 q - a wand of iceblast (3/15)
 s - a wand of iceblast (3/15)
 x - a wand of flame (34/48)
 E - a wand of enslavement (11/24)
 F - a wand of iceblast (4/15)
 K - a wand of acid (0/15)
 P - a wand of digging (5/24)
 T - a wand of acid (0/15)
Scrolls
 l - 3 scrolls of fog
 o - 10 scrolls of enchant weapon
 r - 8 scrolls of remove curse
 v - 3 scrolls of blinking
 w - 7 scrolls of fear
 y - 10 scrolls of teleportation
 G - 3 scrolls of identify
 N - 2 scrolls of enchant armour
 S - a scroll of magic mapping
 Y - a scroll of holy word
 Z - a scroll of summoning
Potions
 a - 4 potions of resistance
 f - a potion of might
 h - 11 potions of curing
 i - 2 potions of cancellation
 k - 2 potions of ambrosia
 z - 5 potions of haste
 J - 3 potions of invisibility
 O - 9 potions of lignification
 U - a potion of heal wounds
 W - 3 potions of berserk rage
Comestibles
 g - 9 meat rations
 A - 30 fruits
 H - 9 royal jellies
 L - 9 bread rations


   Skills:
 - Level 17.0(22.0) Fighting
   Level 8.2(17.4) Maces & Flails
 - Level 14.6(20.3) Staves
 - Level 20.6(25.6) Armour
 + Level 11.8(16.8) Dodging
   Level 3.2(8.2) Shields
 - Level 9.0 Invocations
 - Level 12.0 Evocations


You had 19 spell levels left.
You didn't know any spells.

Dungeon Overview and Level Annotations

Branches:
Dungeon (15/15)            Temple (1/1) D:6            Lair (6/6) D:10
 Shoals (0/4) Lair:3       Spider (4/4) Lair:4        Slime (0/5) Lair:6
    Orc (2/2) D:9             Elf (3/3) Orc:2        Vaults (0/5) D:14
 Depths (0/5) D:15

Altars:
Ashenzari
Cheibriados
Dithmenos
Elyvilon
Fedhas
Gozag
Hepliaklqana
Kikubaaqudgha
Makhleb
Nemelex Xobeh
Okawaru
Qazlal
Ru
Sif Muna
Trog
Uskayaw
Vehumet
Xom
Yredelemnul
Zin
The Shining One

Shops:
D:6 *   D:14 =   Orc:1 ?   Orc:2 [%[(   Elf:2 *

Annotations:
D:12 exclusion: 2 oklob plants
Lair:1 exclusion: oklob plant


Innate Abilities, Weirdness & Mutations

You are resistant to torment.
Your stone body is resilient. (AC +15)
You are immune to poison.
Your large and strong wings let you fly indefinitely.
You resist negative energy. (rN+)
You are resistant to electric shocks. (rElec)
You can survive without breathing.
You are immune to petrification.
You are immune to rotting.
You have sharp toenails.
You are surrounded by a mild repulsion field. (EV +2)
You are partially covered in iridescent scales. (AC +2)
You tend to lose your temper in combat.
Armour fits poorly on your strangely shaped body.
You are dopey. (Int -2)
You are somewhat resistant to further mutation.
You do not regenerate when monsters are visible.
Potions are less effective at restoring your health.


Message History

The deep elf sorcerer points at you and mumbles some strange words.
You resist with almost no effort.
The deep elf sorcerer shouts, "You can't withstand my power!"
Things that are here:
a hand axe of electrocution; a robe The deep elf sorcerer casts a spell at you.
The sphere of damnation explodes!
The damnation engulfs you!
You hear a shout!
The deep elf sorcerer gestures at you while chanting.
The sphere of damnation explodes!
The damnation engulfs you!
The deep elf sorcerer points at you and mumbles some strange words.
The bolt of acid hits you! The acid corrodes you!
You are splashed with acid!
The acid burns!
You see here a long sword.
You gain the combat prowess of a mighty hero.
Items here: )) [[ a scimitar; a shimmering robe; a short sword; a ring mail The deep elf sorcerer points at you and mumbles some strange words.
The bolt of acid hits you!
You die...

#.(.###.......#...........#
.....##.#.#.#.#..(........#
......#.......#....[......#
........#.#.#)#...........#
.............)'..(........#
........#.#.#(#.(...(.....#
..............((()........#
....)#...###(.=))[.)....###
#...######.###(#@(....###
##### #.#####).#### #.#
##..# #.##..## #.##)##
############.#e.##
.................#
#.############≈≈## #≈[#


You could see a deep elf sorcerer.

Vanquished Creatures
  Saint Roka (Orc:1)
  Arachne (Spider:1)
  A tentacled monstrosity (D:13)
  Rupert (D:12)
  A deep elf blademaster (Elf:3)
  A deep elf master archer (Elf:3)
  The ghost of Gorglomux the Warrior, an adept GrBe of Trog (Lair:2)
  4 deep elf sorcerers
  4 ghost moths
  Aizul (Spider:2)
  Louise (Spider:3)
  An orc warlord (Elf:1)
  A deep elf elementalist (Elf:3)
  8 emperor scorpions
  2 very ugly things (D:13)
  A ghoul (D:15)
  5 entropy weavers
  8 deep elf demonologists
  3 deep elf annihilators (Elf:3)
  6 deep elf death magi
  2 deep elf high priests (Elf:3)
  Harold (Lair:1)
  An ogre mage (D:15)
  5 hydras
  A death knight (D:12)
  2 centaur warriors
  20 dancing weapons
  9 two-headed ogres
  2 tengu warriors (D:14)
  6 orc high priests
  7 death yaks
  Sonja (Orc:2)
  A shadow wraith (D:14)
  27 deep elf knights
  6 skeletal warriors
  3 unseen horrors
  22 deep elf archers
  74 deep elf magi
  2 phantasmal warriors (D:12)
  A wizard (D:15)
  2 wolf spider zombies
  5 orc knights (Elf:1)
  2 necromancers
  19 orb spiders
  A manticore (D:14)
  31 wolf spiders
  A manticore (shapeshifter) (D:15)
  4 moths of wrath
  4 large abominations
  The ghost of gabygaby the Vandal, a novice HaAr (D:7)
  3 orc sorcerers
  2 centaur zombies
  14 elephants
  4 cyclopes
  A guardian serpent (Lair:6)
  15 black mambas
  15 spiny frogs
  A guardian serpent (shapeshifter) (D:14)
  5 torpor snails
  A gargoyle (Volcano)
  5 komodo dragons
  3 rime drakes
  2 efreet
  3 yaktaurs (D:14)
  13 demonic crawlers
  A freezing wraith (D:12)
  6 trolls
  37 jumping spiders
  A tengu conjurer (D:14)
  4 polar bears
  A wolf spider simulacrum (D:14)
  4 hornets
  4 slime creatures (D:14)
  15 blink frogs
  15 hippogriffs
  2 dream sheep (D:12)
  A raiju (shapeshifter) (Elf:1)
  A snapping turtle (Lair:3)
  A centaur simulacrum (D:14)
  69 redbacks
  23 tarantellas
  A shadow (D:15)
  12 wyverns
  5 hungry ghosts
  A wraith (D:15)
  40 yaks
  5 basilisks
  2 fire bats (Elf:2)
  5 fire elementals
  4 water elementals
  6 vampire mosquitoes
  3 steam dragons
  A chaos spawn (D:13)
  7 wargs (Orc:2)
  A warg (shapeshifter) (D:13)
  25 water moccasins
  An acid dragon (D:15)
  13 porcupines
  A meliai simulacrum (D:14)
  A hornet zombie (D:15)
  5 sky beasts
  53 orc warriors
  3 black bears
  7 ice beasts
  2 necrophages (D:13)
  11 wolves
  28 centaurs
  11 ogres
  11 crocodiles
  17 bullfrogs
  Blork the orc (D:15)
  5 elf zombies
  5 big kobolds
  An earth elemental (Elf:3)
  2 wyvern zombies
  A wyvern skeleton (D:14)
  A hornet simulacrum (D:15)
  3 scorpions
  A water moccasin skeleton (D:8)
  18 killer bees
  2 howler monkeys
  13 wights
  7 electric eels
  A lava snake (Elf:2)
  9 crimson imps
  5 small abominations (D:13)
  3 bullfrog zombies
  3 hounds
  7 jellies
  43 orc wizards
  A bullfrog skeleton (D:5)
  A gnoll shaman (D:7)
  2 human zombies (D:13)
  31 orc priests
  Crazy Yiuf (D:2)
  4 centaur skeletons
  2 human skeletons (D:13)
  Jessica (D:2)
  2 iguanas
  13 worker ants
  A killer bee zombie (D:7)
  A hound skeleton (D:6)
  4 mummies
  2 worker ant zombies
  9 adders
  4 gnolls (D:7)
  A howler monkey skeleton (D:4)
  6 shadow imps
  13 white imps (D:14)
  An ooze (D:3)
  2 adder zombies
  An adder skeleton (D:4)
  2 worms
  A dart slug (D:1)
  6 leopard geckos
  134 orcs
  8 bats
  7 giant cockroaches
  5 goblins
  6 hobgoblins
  14 jackals
  17 kobolds
  4 quokkas
  A ball python (D:1)
  A frilled lizard (D:2)
  2 leopard gecko skeletons
  A quokka zombie (D:5)
  4 rats
  3 crawling corpses (Elf:2)
1319 creatures vanquished.

Vanquished Creatures (others)
  An orb spider (Spider:1)
  A deep elf mage (Elf:2)
  13 fungi
  12 plants
27 creatures vanquished.

Grand Total: 1346 creatures vanquished

Notes
Turn   | Place    | Note
-------+----------+-------------------------------------------
     0 | D:1      | grindst0ne the Gargoyle Fighter began the quest for the Orb.
     0 | D:1      | Reached XP level 1. HP: 14/14 MP: 1/1
   185 | D:1      | Reached XP level 2. HP: 18/20 MP: 2/2
   958 | D:1      | Reached XP level 3. HP: 24/24 MP: 3/3
  1266 | D:2      | Found a blossoming altar of Fedhas.
  1403 | D:2      | Found a runed door.
  1514 | D:2      | Noticed Jessica
  1522 | D:2      | Killed Jessica
  1522 | D:2      | Reached skill level 5 in Fighting
  1522 | D:2      | Reached XP level 4. HP: 31/31 MP: 4/4
  1671 | D:2      | Found a sacrificial altar of Ru.
  2156 | D:2      | Noticed Crazy Yiuf
  2165 | D:2      | Paralysed by Crazy Yiuf for 2 turns
  2173 | D:2      | Killed Crazy Yiuf
  2173 | D:2      | Reached skill level 4 in Armour
  2774 | D:3      | Found an iron altar of Okawaru.
  2774 | D:3      | Found a bloodstained altar of Trog.
  2822 | D:3      | Reached XP level 5. HP: 35/35 MP: 5/5
  2986 | D:3      | Reached skill level 5 in Armour
  3615 | D:4      | Reached XP level 6. HP: 40/40 MP: 6/6
  3879 | D:4      | Found an ancient bone altar of Kikubaaqudgha.
  4097 | D:4      | Reached skill level 6 in Armour
  4160 | D:5      | Entered Level 5 of the Dungeon
  4456 | D:5      | Found a deep blue altar of Sif Muna.
  4533 | D:5      | Reached skill level 7 in Armour
  4563 | D:5      | Noticed a sky beast
  4621 | D:5      | Killed a sky beast
  4621 | D:5      | Reached XP level 7. HP: 35/44 MP: 7/7
  4784 | D:5      | Reached skill level 8 in Armour
  5270 | D:5      | Reached skill level 9 in Armour
  5280 | D:5      | Found a stormy altar of Qazlal.
  5404 | D:6      | Reached XP level 8. HP: 41/50 MP: 8/8
  5417 | D:6      | Reached skill level 10 in Armour
  5601 | D:6      | Found a shattered altar of Ashenzari.
  6003 | D:6      | Found a staircase to the Ecumenical Temple.
  6189 | Temple   | Entered the Ecumenical Temple
  6686 | D:3      | Became a worshipper of Warmaster Okawaru
  6873 | D:6      | Reached skill level 5 in Evocations
  6873 | D:6      | Reached XP level 9. HP: 20/54 MP: 12/12
  7127 | D:6      | Found Sumuis's General Store.
  7159 | D:6      | Found a shimmering altar of Xom.
  7160 | D:6      | Found a burning altar of Makhleb.
  7908 | D:7      | Noticed gabygaby's ghost (novice HaAr)
  7955 | D:7      | Paralysed by fainting for 8 turns
  7974 | D:7      | Paralysed by fainting for 11 turns
  8003 | D:7      | Killed gabygaby's ghost
  8003 | D:7      | Reached * piety under Okawaru
 10355 | D:8      | Reached XP level 10. HP: 57/65 MP: 15/15
 10404 | D:8      | Noticed a dagger
 10405 | D:8      | Found a hide-covered altar of Uskayaw.
 10406 | D:8      | Noticed a hand axe
 10657 | D:8      | Noticed a two-headed ogre
 10660 | D:8      | Killed a two-headed ogre
 10660 | D:8      | Reached ** piety under Okawaru
 10660 | D:8      | Reached skill level 10 in Fighting
 11317 | D:9      | Reached *** piety under Okawaru
 11325 | D:9      | Reached skill level 5 in Invocations
 12526 | D:9      | Found a staircase to the Orcish Mines.
 12554 | D:9      | Reached XP level 11. HP: 70/72 MP: 16/16
 12594 | D:10     | Entered Level 10 of the Dungeon
 12639 | D:10     | Reached skill level 5 in Maces & Flails
 12698 | D:10     | Noticed a two-headed ogre
 12705 | D:10     | Killed a two-headed ogre
 12891 | D:10     | Reached **** piety under Okawaru
 13349 | D:10     | Found a staircase to the Lair.
 13669 | D:11     | Noticed a cyclops
 13673 | D:11     | Killed a cyclops
 14290 | D:11     | Gained mutation: Potions are less effective at restoring your health. [mutagenic meat]
 14291 | D:11     | Gained mutation: You are frail. (-10% HP) [mutagenic meat]
 14292 | D:11     | Gained mutation: You are surrounded by a mild repulsion field. (EV +2) [mutagenic meat]
 14293 | D:11     | Gained mutation: You have sharp toenails. [mutagenic meat]
 14294 | D:11     | Gained mutation: You do not regenerate when monsters are visible. [mutagenic meat]
 14295 | D:11     | Gained mutation: You are very frail. (-20% HP) [mutagenic meat]
 14346 | D:11     | Reached skill level 1 in Dodging
 14600 | Lair:1   | Entered Level 1 of the Lair of Beasts
 14715 | Lair:1   | Reached ***** piety under Okawaru
 15381 | Lair:1   | Received a gift from Okawaru
 15410 | Lair:1   | Got a twisted lajatang {god gift}
 15416 | Lair:1   | Identified the +9 lajatang of Parts Unknown {protect, rElec rC- Dex+7 Stlth+} (Okawaru gifted it to you on level 1 of the Lair of Beasts)
 15657 | Lair:1   | Reached skill level 1 in Staves
 15657 | Lair:1   | Reached XP level 12. HP: 64/64 MP: 17/17
 15681 | Lair:1   | Noticed Harold
 15701 | Lair:1   | Killed Harold
 16048 | Lair:2   | Noticed Gorglomux's ghost (adept GrBe)
 16066 | Lair:2   | Killed Gorglomux's ghost
 16066 | Lair:2   | Reached skill level 5 in Staves
 17180 | Lair:2   | Received a gift from Okawaru
 17246 | Lair:3   | Found a dark tunnel.
 17257 | Volcano  | Entered a volcano
 17921 | Lair:3   | Received a gift from Okawaru
 17924 | Lair:3   | Got a brightly glowing lajatang {god gift}
 17925 | Lair:3   | Identified the +8 lajatang of Okawaru's Envy {drain, rF+} (Okawaru gifted it to you on level 3 of the Lair of Beasts)
 17984 | Lair:3   | Reached XP level 13. HP: 57/69 MP: 18/18
 18379 | Lair:3   | Found a staircase to the Shoals.
 18847 | Lair:4   | Found a hole to the Spider Nest.
 19120 | Lair:4   | Received a gift from Okawaru
 20347 | Lair:5   | Reached skill level 11 in Armour
 20600 | Lair:6   | Entered Level 6 of the Lair of Beasts
 20936 | Lair:6   | Reached skill level 12 in Armour
 21397 | Lair:6   | Gained mutation: Your large and strong wings let you fly indefinitely. [Gargoyle growth]
 21397 | Lair:6   | Reached XP level 14. HP: 76/76 MP: 19/19
 21596 | Lair:5   | Reached skill level 13 in Armour
 21676 | Lair:5   | Received a gift from Okawaru
 22106 | Lair:6   | Reached skill level 14 in Armour
 22691 | Lair:6   | Reached skill level 15 in Armour
 22871 | Lair:6   | Found a staircase to the Slime Pits.
 23547 | D:12     | Gained mutation: Armour fits poorly on your strangely shaped body. [mutagenic meat]
 23549 | D:12     | Gained mutation: Your spells are a little easier to cast, but a little less powerful. [mutagenic meat]
 23552 | D:12     | Gained mutation: You expend magic power (3 MP) to strengthen your wands. [mutagenic meat]
 24075 | D:6      | Bought a potion of mutation for 120 gold pieces
 24075 | D:6      | Lost mutation: Your spells are a little easier to cast, but a little less powerful. [potion of mutation]
 24075 | D:6      | Lost mutation: You are very frail. (-20% HP) [potion of mutation]
 24075 | D:6      | Lost mutation: You expend magic power (3 MP) to strengthen your wands. [potion of mutation]
 24075 | D:6      | Gained mutation: You tend to lose your temper in combat. [potion of mutation]
 24075 | D:6      | Gained mutation: You are dopey. (Int -2) [potion of mutation]
 24075 | D:6      | Gained mutation: You are partially covered in iridescent scales. (AC +2) [potion of mutation]
 24427 | D:12     | Noticed Rupert
 24437 | D:12     | Killed Rupert
 24437 | D:12     | Reached ****** piety under Okawaru
 24437 | D:12     | Received a gift from Okawaru
 24437 | D:12     | Reached skill level 16 in Armour
 24471 | D:12     | Found a blossoming altar of Fedhas.
 25128 | D:12     | Reached XP level 15. HP: 56/90 MP: 18/20
 25843 | D:13     | Reached skill level 17 in Armour
 26404 | D:13     | Found a basalt altar of Yredelemnul.
 27037 | D:13     | Found a runed door.
 27062 | D:13     | Reached skill level 10 in Staves
 27204 | D:13     | Noticed a tentacled monstrosity
 27226 | D:13     | Killed a tentacled monstrosity
 27460 | D:14     | Received a gift from Okawaru
 27469 | D:14     | Got an encrusted plate armour {god gift}
 27650 | D:13     | Identified the +5 plate armour "Lacri" {rElec rN+ Int+5} (Okawaru gifted it to you on level 14 of the Dungeon)
 28814 | D:14     | Found a gate to the Vaults.
 28956 | D:14     | Found Isyecwa's Jewellery Boutique.
 28959 | D:14     | Bought the amulet of the Four Winds {rN+ MR+++ Clar} for 658 gold pieces
 29044 | D:15     | Entered Level 15 of the Dungeon
 29314 | D:15     | Received a gift from Okawaru
 29506 | D:15     | Reached XP level 16. HP: 96/96 MP: 21/21
 29869 | D:15     | Found a staircase to the Depths.
 30099 | D:15     | Noticed Blork the orc
 30107 | D:15     | Killed Blork the orc
 30109 | D:15     | Found a deep blue altar of Sif Muna.
 30261 | Orc:1    | Entered Level 1 of the Orcish Mines
 30276 | Orc:1    | Found a flagged portal.
 30296 | Bailey   | Entered a bailey
 30949 | Orc:1    | Found Jatuep's Magic Scroll Boutique.
 30949 | Orc:1    | Found a burning altar of Makhleb.
 30992 | Orc:1    | Bought a scroll of magic mapping for 49 gold pieces
 30992 | Orc:1    | Bought a scroll of identify for 28 gold pieces
 30992 | Orc:1    | Bought a scroll of blinking for 105 gold pieces
 30992 | Orc:1    | Bought a scroll of blinking for 105 gold pieces
 30992 | Orc:1    | Bought a scroll of summoning for 133 gold pieces
 31205 | Orc:2    | Entered Level 2 of the Orcish Mines
 31372 | Orc:2    | Found a staircase to the Elven Halls.
 31458 | Orc:2    | Noticed Sonja
 31500 | Orc:2    | Killed Sonja
 31500 | Orc:2    | Received a gift from Okawaru
 32508 | Orc:2    | Noticed Saint Roka
 33910 | Orc:1    | Killed Saint Roka
 33910 | Orc:1    | Reached skill level 18 in Armour
 35097 | Orc:2    | Found Zidiz's Food Shoppe.
 35097 | Orc:2    | Found Maw Emmo's Armour Shoppe.
 35097 | Orc:2    | Found Ufodeasa's Armour Emporium.
 35105 | Orc:2    | Found Dosmawn's Antique Weapon Emporium.
 35431 | Spider:1 | Entered Level 1 of the Spider Nest
 35506 | Lair:4   | Reached skill level 19 in Armour
 35902 | Spider:1 | Received a gift from Okawaru
 35908 | Spider:1 | Got a faintly humming plate armour {god gift}
 35928 | Spider:1 | Identified the +13 plate armour of Porch {Str+3} (Okawaru gifted it to you on level 1 of the Spider Nest)
 36445 | Spider:1 | Reached skill level 20 in Armour
 36940 | Spider:2 | Reached XP level 17. HP: 72/100 MP: 22/22
 37845 | Spider:2 | Noticed Aizul
 37857 | Spider:1 | Reached skill level 15 in Fighting
 38037 | Spider:2 | Killed Aizul
 38765 | Spider:2 | Noticed Arachne
 38780 | Spider:1 | Killed Arachne
 40436 | Spider:3 | Noticed Louise
 40452 | Spider:3 | Killed Louise
 40737 | Spider:3 | Received a gift from Okawaru
 40864 | Spider:4 | Entered Level 4 of the Spider Nest
 40881 | Spider:4 | Lost mutation: You are frail. (-10% HP) [mutagenic meat]
 40882 | Spider:4 | Gained mutation: You are somewhat resistant to further mutation. [mutagenic meat]
 40929 | Spider:4 | Reached skill level 5 in Dodging
 41937 | Spider:4 | Identified a scroll of acquirement
 41942 | Spider:4 | Got a brightly glowing lapis lazuli ring
 41945 | Spider:4 | Identified the ring "Suyriaph" {MR+ Int+6 Dex+2} (You acquired it on level 4 of the Spider Nest)
 42036 | Spider:3 | Reached XP level 18. HP: 29/123 MP: 0/23
 42425 | Spider:4 | Received a gift from Okawaru
 43226 | Spider:4 | Got a gossamer rune of Zot
 43511 | Elf:1    | Entered Level 1 of the Elven Halls
 44647 | Elf:1    | Identified Kikubaaqudgha's Disquisition on Black Secrets
 45282 | Elf:1    | Reached skill level 10 in Evocations
 45286 | Elf:1    | Received a gift from Okawaru
 46412 | Elf:2    | Noticed a Brimstone Fiend
 46843 | Elf:2    | Reached XP level 19. HP: 117/128 MP: 27/27
 47187 | Elf:2    | Found a runed gate.
 47187 | Elf:2    | Found a runed gate.
 47187 | Elf:2    | Found a runed gate.
 47509 | Elf:2    | Received a gift from Okawaru
 47703 | Elf:2    | HP: 2/128 [deep elf mage/bolt of lightning (8)]
 48424 | Elf:2    | Found Dutrak's Elven Fire.
 48630 | Elf:3    | Entered Level 3 of the Elven Halls
 48718 | Elf:1    | Received a gift from Okawaru
 48991 | Orc:2    | Bought the +9 scales of the Dragon King {rPois rF+ rC+ MR+} for 1622 gold pieces
 49265 | Orc:2    | Reached skill level 10 in Dodging
 50737 | Elf:3    | Got an ichor-stained mace {venom}
 50739 | Elf:3    | Identified the cursed +0 mace of Severance {venom, Dex+2} (You took it off a deep elf sorcerer on level 3 of the Elven Halls)
 50763 | Elf:3    | Noticed a Brimstone Fiend
 51589 | Elf:3    | Got a polished bardiche {chop}
 51592 | Elf:3    | Identified the +10 bardiche of the Final Chapter {chop, *Rage +Rage rF+++ rC-} (You took it off a deep elf demonologist on level 3 of the Elven Halls)
 51793 | Elf:3    | Reached XP level 20. HP: 107/134 MP: 27/29
 51795 | Elf:3    | Got a bound copper ring
 51803 | Elf:3    | Identified the cursed ring "Vaes Zyv" {rC++ Int-3 Slay+3} (You took it off a deep elf blademaster on level 3 of the Elven Halls)
 52171 | Elf:3    | Killed from afar by a deep elf sorcerer

Skill      XL: |  1  2  3  4  5  6  7  8  9 10 11 12 13 14 15 16 17 18 19 |
---------------+----------------------------------------------------------+-----
Fighting       | 4 5 8 10 11 12 14 17 | 17.0
Armour         | 4 5 7 9 10 12 16 17 20 | 20.6
Evocations     | 5 7 11 12 | 12.0
Invocations    | 6 9 |  9.0
Maces & Flails | 4 8 |  8.2
Dodging        | 3 6 7 11 | 11.8
Staves         | 1 9 13 14 | 14.6
Shields        | |  3.2

Action                   |  1- 3 |  4- 6 |  7- 9 | 10-12 | 13-15 | 16-18 | 19-21 || total
-------------------------+-------+-------+-------+-------+-------+-------+-------++-------
Melee: Flail             |   122 |    55 |       |       |       |       |       ||   177
       Whip              |       |   166 |   505 |   808 |       |       |       ||  1479
       Kick              |       |       |       |   138 |    49 |       |       ||   187
       Lajatang          |       |       |       |   185 |  1164 |  1678 |   448 ||  3475
       Battleaxe         |       |       |       |       |    41 |       |       ||    41
       Bardiche          |       |       |       |       |       |       |    14 ||    14
Invok: Heroism           |       |       |       |     7 |    14 |    18 |    11 ||    50
       Finesse           |       |       |       |       |     1 |     7 |     2 ||    10
 Abil: Evoke Berserk Rag |       |       |     1 |     6 |    11 |       |       ||    18
       Fly               |       |       |       |       |     1 |       |       ||     1
Evoke: Wand              |       |       |       |    15 |     5 |     1 |    24 ||    45
  Use: Scroll            |       |    14 |     5 |    11 |     8 |    11 |     9 ||    58
       Potion            |       |     2 |     1 |     1 |     1 |     6 |    10 ||    21
 Stab: Distracted        |       |       |       |       |       |       |     1 ||     1
       Invisible         |       |       |       |       |       |       |     1 ||     1
  Eat: Chunk             |     2 |     9 |     8 |    44 |    52 |    41 |     7 ||   163
       Royal jelly       |       |       |     1 |       |     2 |     1 |     2 ||     6
       Fruit             |       |       |     3 |       |     3 |     6 |       ||    12
       Bread ration      |       |       |     2 |       |       |       |       ||     2
       Meat ration       |       |       |       |     2 |       |     2 |     1 ||     5
Armor: Scale mail        |    93 |   119 |    68 |       |       |       |       ||   280
       Chain mail        |       |       |   337 |   221 |       |       |       ||   558
       Skin              |       |       |     4 |       |       |       |       ||     4
       Plate armour      |       |       |       |   407 |  1196 |  1701 |   222 ||  3526
       Gold dragon scale |       |       |       |       |       |       |   144 ||   144
Dodge: Dodged            |    55 |    57 |   117 |   240 |   894 |  1139 |   224 ||  2726
Block: Shield            |    88 |    96 |   247 |   442 |       |       |       ||   873
